 Dungeon Crawl Stone Soup version 0.30-a0-219-gf2db51d15e (webtiles) character file.

Game seed: 6135855617397610546

18340 lorenzova the Eclecticist (level 12, -6/59 HPs)
             Began as a Deep Elf Conjurer on Oct 6, 2022.
             Was a High Priest of Vehumet.
             Killed from afar by a hell knight (36 damage)
             ... with a bolt of fire
             ... on level 12 of the Dungeon.
             The game lasted 00:33:36 (17370 turns).

lorenzova the Eclecticist (Deep Elf Conjurer)      Turns: 17370, Time: 00:33:37

Health: -6/59      AC:  5    Str:  4    XL:     12   Next: 26%
Magic:  11/34      EV: 18    Int: 35    God:    Vehumet [*****.]
Gold:   542        SH:  0    Dex: 13    Spells: 20/43 levels left

rFire   . . .      SeeInvis .    l - +3 mace (protect)
rCold   + . .      Faith    .    (no shield)
rNeg    . . .      Spirit   .    m - +0 robe of the Nightingale {+Inv Int+6}
rPois   .          Reflect  .    d - +1 helmet
rElec   .          Harm     .    D - +0 cloak
rCorr   .          Rampage  .    (no gloves)
Will    +....                    (no boots)
Stlth   ++........               p - amulet of the acrobat
HPRegen 0.29/turn                w - +4 ring of evasion
MPRegen 0.24/turn                v - ring of protection from cold

@: no status effects
A: sense surroundings 1, MP-powered wands
a: Renounce Religion, Evoke Invisibility


You were on level 12 of the Dungeon.
You worshipped Vehumet.
Vehumet was extremely pleased with you.
You visited 2 branches of the dungeon, and saw 13 of its levels.

You collected 542 gold pieces.

Inventory:

Hand Weapons
 l - a +3 mace of protection (weapon)
Armour
 a - the +0 leather armour "Cenac" {Dex+4 Stlth+}
   (You found it on level 9 of the Dungeon)

   Dex:       It affects your dexterity (+4).
   Stlth:     It makes you more stealthy.
 d - a +1 helmet (worn)
 m - the +0 robe of the Nightingale (worn) {+Inv Int+6}
   (You found it on level 12 of the Dungeon)

   Int:       It affects your intelligence (+6).
   +Inv:      It lets you turn invisible.
 D - a +0 cloak (worn)
 E - +0 steam dragon scales
Magical Staves
 n - a staff of earth
Jewellery
 h - a +6 ring of strength
 p - an amulet of the acrobat (around neck)
 v - a ring of protection from cold (right hand)
 w - a +4 ring of evasion (left hand)
 x - a +6 ring of dexterity
Wands
 q - a wand of charming (18)
 y - a wand of flame (29)
 F - a wand of roots (10)
 H - a wand of mindburst (4)
 K - a wand of polymorph (4)
Scrolls
 c - a scroll of brand weapon
 e - 3 scrolls of teleportation
 i - 2 scrolls of immolation
 o - 2 scrolls of fear
 s - a scroll of silence
 u - a scroll of identify
 C - a scroll of enchant weapon
Potions
 b - a potion of magic
 f - a potion of attraction
 g - 2 potions of heal wounds
 j - 2 potions of invisibility {unknown}
 k - 8 potions of curing
 r - 2 potions of ambrosia {unknown}
 t - 4 potions of flight
 z - a potion of resistance {unknown}
 A - 4 potions of lignification
 B - a potion of might {unknown}


   Skills:
 + Level 5.8 Dodging
 - Level 2.4 Stealth
 * Level 16.3 Spellcasting
 * Level 14.4 Conjurations
 - Level 6.0 Hexes
 - Level 6.0 Translocations
 * Level 2.1 Fire Magic
 + Level 4.2 Air Magic


You had 20 spell levels left.
You knew the following spells:

 Your Spells              Type           Power      Damage    Failure   Level
a - Magic Dart            Conj           100%       1d8       0%          1
b - Searing Ray           Conj           100%       2d8       0%          2
c - Iskenderun's Mystic   Conj/Tloc      79%        2d16      1%          4
d - Fulminant Prism       Conj/Hex       39%        3d18      1%          4
f - Fireball              Conj/Fire      36%        3d15      1%          5
l - Lightning Bolt        Conj/Air       38%        1d56      1%          5
p - Blink                 Tloc           100%       N/A       1%          2

Your spell library contained the following spells:

 Spells                   Type           Power      Damage    Failure   Level
 Ensorcelled Hibernation  Hex/Ice        98%        N/A       1%          2
 Momentum Strike          Conj/Tloc      100%       3d10      1%          2
 Static Discharge         Conj/Air       100%       2-7/arc   1%          2
 Dazzling Flash           Conj/Hex       100%       N/A       1%          3
 Ignite Poison            Fire/Tmut/Pois 33%        N/A       1%          3
 Inner Flame              Hex/Fire       54%        N/A       1%          3
 Kindle Blastsparks       Fire/Tloc/Air  100%       2d18      1%          3
 Lesser Beckoning         Tloc           100%       N/A       1%          3
 Portal Projectile        Hex/Tloc       100%       N/A       1%          3
 Summon Guardian Golem    Hex/Summ       49%        N/A       1%          3
 Tukima's Dance           Hex            63%        N/A       1%          3
 Vhi's Electric Charge    Tloc/Air       100%       N/A       1%          3
 Flame Wave               Conj/Fire      72%        2d16      1%          4
 Sticky Flame             Conj/Fire      72%        2d9       1%          4
 Arcjolt                  Conj/Air       38%        1d48      1%          5
 Freezing Cloud           Conj/Ice/Air   32%        6-21      1%          5
 Orb of Destruction       Conj           46%        9d12      1%          7
 Spider Form              Tmut/Pois      28%        N/A       3%          3
 Anguish                  Hex/Necr       24%        N/A       3%          4
 Spellforged Servitor     Conj/Summ      34%        N/A       16%         7
 Alistair's Intoxication  Tmut/Pois      18%        N/A       34%         5
 Blade Hands              Tmut           14%        N/A       34%         5
 Borgnjor's Vile Clutch   Necr/Erth      14%        N/A       34%         5
 Eringya's Noxious Bog    Tmut/Pois      14%        N/A       43%         6


Dungeon Overview and Level Annotations

Branches:
Dungeon (12/15)            Temple (1/1) D:5            Lair (0/5) D:9
    Orc (0/2) D:11

Altars:
Ashenzari
Cheibriados
Dithmenos
Elyvilon
Fedhas
Gozag
Hepliaklqana
Kikubaaqudgha
Makhleb
Nemelex Xobeh
Okawaru
Qazlal
Ru
Sif Muna
Trog
Uskayaw
Vehumet
Wu Jian
Xom
Yredelemnul
Zin
The Shining One

Shops:
D:4 [

Annotations:
D:8 2 transporters, exclusion: 2 downstairs, Zgarb's ghost, journeyman VSBr
D:9 3 runed translucent doors, QuickerDeath's ghost, novice DjGl
D:10 exclusion: downstairs


Innate Abilities, Weirdness & Mutations

You passively map a small area around you.
You expend magic power (3 MP) to strengthen your wands.


Message History

Unknown command.
Casting: Fulminant Prism (safe; 1% risk of failure)
Confirm with . or Enter, or press ? or * to list all spells.
Aiming: Fulminant Prism (safe; 1% risk of failure)
Press: ? - help, Dir - move target You conjure a prism of explosive energy!
A fulminant prism comes into view.
The hell knight hits your fulminant prism with a +0 scimitar of draining!!
Your fulminant prism crackles loudly.
The hell knight hits your fulminant prism with a +0 scimitar of draining!!
Your fulminant prism explodes!
The blast of energy engulfs the hell knight!!
The hell knight is almost dead.
The hell knight invokes the aid of its god against you.
The bolt of fire misses you.
Unknown command.
Casting: Fulminant Prism (safe; 1% risk of failure)
Confirm with . or Enter, or press ? or * to list all spells.
Aiming: Fulminant Prism (safe; 1% risk of failure)
Press: ? - help, Dir - move target You conjure a prism of explosive energy!
A fulminant prism comes into view.
The hell knight calls down the wrath of its god upon you.
The bolt of fire hits your fulminant prism!
Your fulminant prism resists.
The bolt of fire hits you!
The hell knight hits your fulminant prism with a +0 scimitar of draining!!
Your fulminant prism detonates feebly.
Casting: Fulminant Prism (safe; 1% risk of failure)
Confirm with . or Enter, or press ? or * to list all spells.
Aiming: Searing Ray (safe; 0% risk of failure)
Press: ? - help, Shift-Dir - straight line, f - hell knight
Aim: a hell knight, wielding a +0 scimitar of draining and wearing a +0 chain mail (almost dead, fast, 87% to hit)
The searing ray hits the hell knight.
The hell knight is almost dead. (Press . to maintain the ray.)
The hell knight invokes the aid of its god against you.
The bolt of fire hits you!!!
Ouch! That really hurt!
You die...

#.....................###
######.....)...#........#
#...##..............
*#...##...##..§.§§... ,
.....##...##.§§_§....
.......[..).....~§..##
###########..........## ,
, ######..........##
**#@..##............
#...##............ ,
#.#.##............ , *
#.#.##........#### , ,
#p#.##........# , ,
#.#.##........# ,
#†#.##........#
,#.#.##........#### * *
#.#.##............


You could see a hell knight (fast).

Vanquished Creatures
  Kirke (D:12)
  A centaur warrior (D:12)
  3 two-headed ogres
  A manticore (D:11)
  An ugly thing (D:12)
  Maurice (D:9)
  2 unseen horrors
  2 gargoyles (D:12)
  Maggie (D:7)
  A kobold demonologist (D:12)
  2 trolls (D:11)
  A human (D:11)
  2 shadows
  11 yaks
  A wraith (D:10)
  3 wyverns
  2 vampires
  A steam dragon (D:9)
  7 hogs (D:12)
  5 vampire mosquitoes
  An acid dragon (D:11)
  4 hell hounds (D:12)
  5 water moccasins
  Duvessa (D:7)
  3 orc warriors
  2 ice beasts (D:5)
  2 black bears
  2 sky beasts
  14 centaurs
  A phantom (D:6)
  2 kobold brigands
  A necrophage (D:8)
  8 bullfrogs
  A gnoll sergeant (D:7)
  A scorpion (D:7)
  15 wights
  Dowan (D:7)
  13 killer bees
  10 howler monkeys
  An electric eel (D:6)
  3 jellies
  7 hounds
  8 orc priests
  Crazy Yiuf (D:7)
  Terence (D:3)
  A gnoll bouda (D:7)
  2 iguanas
  22 orc wizards
  12 gnolls
  8 adders
  2 shadow imps
  2 white imps
  2 ufetubi
  5 dart slugs
  36 orcs
  9 ball pythons
  6 endoplasms
  3 giant cockroaches
  9 goblins
  6 hobgoblins
  12 jackals
  2 quokkas
  3 bats
  2 frilled lizards
  12 kobolds
  6 rats
319 creatures vanquished.

Vanquished Creatures (others)
  80 fulminant prisms
  16 fungi (D:9)
  32 plants
128 creatures vanquished.

Grand Total: 447 creatures vanquished

Notes
Turn   | Place    | Note
-------+----------+-------------------------------------------
     0 | D:1      | lorenzova the Deep Elf Conjurer began the quest for the
                  | Orb.
     0 | D:1      | Reached XP level 1. HP: 10/10 MP: 6/6
   162 | D:1      | Reached XP level 2. HP: 15/15 MP: 3/8
   207 | D:1      | Learned a level 2 spell: Searing Ray
   668 | D:1      | Reached skill level 4 in Spellcasting
   879 | D:1      | Reached skill level 5 in Conjurations
   879 | D:1      | Reached XP level 3. HP: 19/19 MP: 8/10
   987 | D:1      | Found a faded altar of an unknown god.
  1625 | D:2      | Reached XP level 4. HP: 18/24 MP: 6/12
  1695 | D:2      | Found a stormy altar of Qazlal.
  2352 | D:3      | Reached skill level 5 in Spellcasting
  2480 | D:3      | Noticed a black bear
  2490 | D:3      | Killed a black bear
  2491 | D:3      | Reached XP level 5. HP: 25/28 MP: 3/15
  2600 | D:3      | Noticed Terence
  2608 | D:3      | Killed Terence
  2609 | D:3      | Reached skill level 6 in Spellcasting
  3001 | D:3      | Reached XP level 6. HP: 32/32 MP: 12/17
  3405 | D:4      | Reached skill level 7 in Spellcasting
  3833 | D:4      | Found Uweckitz's Armour Emporium.
  3907 | D:4      | Gained mutation: You are somewhat resistant to further
                  | mutation. [potion of mutation]
  3907 | D:4      | Gained mutation: Armour fits poorly on your strangely
                  | shaped body. [potion of mutation]
  3908 | D:4      | Lost mutation: Armour fits poorly on your strangely shaped
                  | body. [potion of mutation]
  3908 | D:4      | Lost mutation: You are somewhat resistant to further
                  | mutation. [potion of mutation]
  3908 | D:4      | Gained mutation: You passively map a small area around you.
                  | [potion of mutation]
  3908 | D:4      | Gained mutation: You expend magic power (3 MP) to
                  | strengthen your wands. [potion of mutation]
  3945 | D:5      | Entered Level 5 of the Dungeon
  4047 | D:5      | Noticed an ice beast
  4054 | D:5      | Killed an ice beast
  4055 | D:5      | Reached XP level 7. HP: 36/36 MP: 12/20
  4104 | D:5      | Learned a level 2 spell: Blink
  4109 | D:5      | Learned a level 4 spell: Iskenderun's Mystic Blast
  4114 | D:5      | Learned a level 4 spell: Fulminant Prism
  4413 | D:5      | Reached skill level 1 in Hexes
  4593 | D:5      | Reached skill level 8 in Spellcasting
  4593 | D:5      | Reached skill level 1 in Translocations
  4672 | D:5      | Found a staircase to the Ecumenical Temple.
  4875 | Temple   | Entered the Ecumenical Temple
  4928 | Temple   | Became a worshipper of Vehumet
  5184 | D:6      | Found a hazy altar of Hepliaklqana.
  5412 | D:6      | Reached XP level 8. HP: 41/41 MP: 16/22
  5527 | D:6      | Reached skill level 9 in Spellcasting
  5666 | D:6      | Found a bloodstained altar of Trog.
  6222 | D:6      | Found a glowing silver altar of Zin.
  6223 | D:6      | Found a basalt altar of Yredelemnul.
  6460 | D:7      | Noticed Duvessa
  6460 | D:7      | Noticed Dowan
  6466 | D:7      | Killed Dowan
  6466 | D:7      | Killed Duvessa
  6540 | D:7      | Reached skill level 10 in Spellcasting
  6544 | D:7      | Reached * piety under Vehumet
  6544 | D:7      | Offered knowledge of Foxfire by Vehumet.
  6545 | D:7      | Reached XP level 9. HP: 45/45 MP: 10/25
  6557 | D:7      | Noticed Maggie
  7030 | D:7      | Reached skill level 5 in Hexes
  7217 | D:7      | Found a runed translucent door.
  7218 | D:7      | Noticed Crazy Yiuf
  7224 | D:7      | Killed Crazy Yiuf
  7404 | D:7      | Killed Maggie
  7405 | D:7      | Reached skill level 11 in Spellcasting
  7405 | D:7      | Reached skill level 10 in Conjurations
  7474 | D:7      | Offered knowledge of Kiss of Death by Vehumet.
  7604 | D:7      | Reached ** piety under Vehumet
  8236 | D:8      | Found a transporter.
  8318 | D:8      | Reached skill level 5 in Translocations
  8380 | D:8      | Found a transporter.
  8384 | D:8      | Noticed Zgarb's ghost (journeyman VSBr)
  9143 | D:9      | Found a blossoming altar of Fedhas.
  9260 | D:9      | Reached XP level 10. HP: 26/50 MP: 1/27
  9388 | D:9      | Noticed Maurice
  9448 | D:9      | Reached skill level 12 in Spellcasting
  9917 | D:9      | Offered knowledge of Frozen Ramparts by Vehumet.
 10267 | D:9      | Killed Maurice
 10340 | D:9      | Identified the +0 leather armour "Cenac" {Dex+4 Stlth+}
 10372 | D:9      | Reached skill level 13 in Spellcasting
 10804 | D:9      | Reached *** piety under Vehumet
 11322 | D:9      | Found a runed translucent gate.
 11322 | D:9      | Found a runed translucent gate.
 11322 | D:9      | Found a runed translucent gate.
 11323 | D:9      | Noticed QuickerDeath's ghost (novice DjGl)
 11324 | D:9      | Found an opulent altar of Gozag.
 11324 | D:9      | Noticed a storm dragon
 11325 | D:9      | Noticed a centaur warrior
 11328 | D:9      | a storm dragon changed into an emperor scorpion
 11328 | D:9      | Noticed an emperor scorpion (shapeshifter)
 11336 | D:9      | Noticed a quicksilver ooze
 11364 | D:9      | Noticed a +0 hand axe
 11364 | D:9      | Noticed a +0 dagger
 11368 | D:9      | Found a hide-covered altar of Uskayaw.
 11431 | D:9      | Found a staircase to the Lair.
 11610 | D:9      | Found an iron altar of Okawaru.
 11855 | D:9      | a floating eye changed into a glowing orange brain
 11855 | D:9      | Noticed a glowing orange brain (shapeshifter)
 11860 | D:9      | a glowing orange brain changed into a wolf spider
 11860 | D:9      | Noticed a wolf spider (shapeshifter)
 11886 | D:10     | Entered Level 10 of the Dungeon
 12000 | D:10     | Reached skill level 14 in Spellcasting
 12228 | D:10     | Offered knowledge of Mephitic Cloud by Vehumet.
 12329 | D:10     | Reached XP level 11. HP: 52/54 MP: 23/31
 12689 | D:10     | Found a snail-covered altar of Cheibriados.
 12731 | D:10     | Found a white marble altar of Elyvilon.
 12735 | D:10     | Found an ornate altar of the Wu Jian Council.
 12735 | D:10     | Found a shimmering altar of Xom.
 12735 | D:10     | Found a shadowy altar of Dithmenos.
 13052 | D:10     | Learned a level 5 spell: Lightning Bolt
 13210 | D:11     | Noticed a two-headed ogre
 13563 | D:11     | Killed a two-headed ogre
 13699 | D:11     | Reached skill level 1 in Air Magic
 13703 | D:11     | Noticed a two-headed ogre
 13711 | D:11     | Killed a two-headed ogre
 14048 | D:11     | Reached **** piety under Vehumet
 14280 | D:11     | Offered knowledge of Lee's Rapid Deconstruction by Vehumet.
 14738 | D:11     | Reached skill level 15 in Spellcasting
 14974 | D:11     | Found a staircase to the Orcish Mines.
 15958 | D:12     | Identified the +0 robe of the Nightingale {+Inv Int+6}
 16000 | D:12     | Noticed a green ugly thing
 16006 | D:12     | Killed a green ugly thing
 16007 | D:12     | Noticed Kirke
 16025 | D:12     | Killed Kirke
 16026 | D:12     | Reached skill level 5 in Dodging
 16311 | D:12     | Found a stormy altar of Qazlal.
 16396 | D:12     | Noticed a centaur warrior
 16404 | D:12     | Reached ***** piety under Vehumet
 16410 | D:12     | Killed a centaur warrior
 16411 | D:12     | Reached skill level 16 in Spellcasting
 16411 | D:12     | Reached XP level 12. HP: 28/59 MP: 24/34
 16487 | D:12     | Offered knowledge of Fireball by Vehumet.
 16739 | D:12     | Learned a level 5 spell: Fireball
 16834 | D:12     | Reached skill level 1 in Fire Magic
 17286 | D:12     | Noticed a two-headed ogre
 17289 | D:12     | Killed a two-headed ogre
 17370 | D:12     | Killed from afar by a hell knight

Illustrated notes

Levels and vault maps discovered:
D:1:      dpeg_arrival_arbitrary_a, layout_loops_corners,
          ebering_ecumenical_altar_abandoned
D:2:      layout_basic, basic_altar
D:3:      layout_basic, uniq_terence
D:4:      layout_rooms, serial_shops, kennysheep_mini, kennysheep_boxes
D:5:      layout_loops_ring, minmay_temple_entry_purple_smoke
D:6:      minmay_evil_eye, layout_loops_ring,
          mainiacjoe_overflow_concentric_impassable,
          mainiacjoe_overflow_cross_hatched, nicolae_overflow_squiral
D:7:      layout_gridville, uniq_duvessa, uniq_maggie, uniq_crazy_yiuf_cottage
D:8:      layout_basic, gammafunk_ghost_stat_death, abandoned_shop,
          chequers_serial_rivers_micro_e
D:9:      layout_cave_pools, dancing_weapons_uskayaw, fedhas_altar_3,
          okawaru_altar_gauntlet_db, minmay_lair_entry_grove,
          ebering_ghost_gozag, uniq_maurice
D:10:     minmay_flawed_box, layout_irregular_city,
          mainiacjoe_overflow_alcove_1, grunt_temple_overflow_open
D:11:     layout_stronghold, erik_orc_4
D:12:     mludivico_vault, layout_small_grid, nicolae_qazlal_scattered_showers,
          uniq_kirke
Temple:   jpeg_temple_alley_garden

Skill      XL: |  1  2  3  4  5  6  7  8  9 10 11 12 |
---------------+-------------------------------------+-----
Spellcasting   | 4 5 6 7 8 10 11 14 16 | 16.3
Conjurations   | 5 6 7 8 9 10 12 14 | 14.4
Hexes          | 2 4 6 |  6.0
Translocations | 2 3 5 6 |  6.0
Air Magic      | 3 4 |  4.2
Dodging        | 5 |  5.8
Fire Magic     | 2 |  2.1
Stealth        | |  2.4

Action                   |  1- 3 |  4- 6 |  7- 9 | 10-12 || total
-------------------------+-------+-------+-------+-------++-------
Melee: Unarmed           |     1 |       |       |       ||     1
       Mace              |       |     1 |     2 |     1 ||     4
 Cast: Magic Dart        |    56 |    86 |   129 |    68 ||   339
       Searing Ray       |     3 |    10 |    44 |    33 ||    90
       Fulminant Prism   |       |       |    14 |    66 ||    80
       Iskenderun's Myst |       |       |    31 |    93 ||   124
       Lightning Bolt    |       |       |       |     4 ||     4
       Fireball          |       |       |       |     7 ||     7
  Use: Scroll            |       |     4 |     5 |    11 ||    20
       Potion            |       |     2 |       |       ||     2
Armor: Robe              |     1 |     3 |     9 |     3 ||    16
       Steam dragon scal |       |       |     3 |     7 ||    10
Dodge: Dodged            |     3 |     4 |    34 |    57 ||    98

Table legend: (Time is in decaauts)
 A = Elapsed time spent in this place.
 B = Non-inter-level travel time spent in this place.
 C = Inter-level travel time spent in this place.
 D = Time resting spent in this place.
 E = Time spent auto-exploring this place.
 F = Levels seen in this place.
 G = Mean time per level.
                   A        B        C        D        E       F      G
               +--------+--------+--------+--------+--------+-----+--------+
         Total |  17384 |  16589 |    795 |   8199 |   6514 |  13 | 1337.2 |
       Dungeon |  17290 |  16536 |    754 |   8199 |   6474 |  12 | 1440.8 |
        Temple |     94 |     54 |     40 |      0 |     40 |   1 |   94.0 |
               +--------+--------+--------+--------+--------+-----+--------+

Top non-repeatable levels by time:
     D:8: 2637 daAuts
    D:11: 2405 daAuts
    D:10: 1734 daAuts
     D:1: 1617 daAuts
     D:6: 1561 daAuts
     D:9: 1382 daAuts
    D:12: 1347 daAuts
     D:7: 1297 daAuts
     D:3: 1029 daAuts
     D:5: 980 daAuts
     D:4: 723 daAuts
     D:2: 573 daAuts
  Temple: 94 daAuts
